 Dungeon Crawl Stone Soup version 0.27.1-37-g7b29ead8ac (webtiles) character file.

Game seed: 17394739349861132567

680 tkbsonic5 the Chopper (level 7, -2/60 HPs)
             Began as a Gnoll Berserker on Jan 12, 2024.
             Was a Believer of Trog.
             Slain by an orange demon (8 damage)
             ... summoned by a kobold demonologist
             ... on level 6 of the Dungeon.
             The game lasted 00:06:09 (3778 turns).

tkbsonic5 the Chopper (Gnoll Berserker)             Turns: 3778, Time: 00:06:10

Health: -2/60      AC:  7    Str: 19    XL:     7   Next: 60%
Magic:  10/10      EV: 12    Int:  6    God:    Trog [**....]
Gold:   161        SH:  0    Dex: 11    Spells: 11/11 levels left

rFire    . . .     SeeInvis .   d - +3 broad axe (elec)
rCold    . . .     Faith    .   (no shield)
rNeg     . . .     Spirit   .   c - +0 ring mail
rPois    .         Reflect  .   f - +0 helmet
rElec    .         Harm     .   (no cloak)
rCorr    .         Rampage  .   (no gloves)
Will     ++...                  (no boots)
Stlth    +.........             (no amulet)
HPRegen  1.20/turn              (no ring)
MPRegen  0.12/turn              (no ring)

@: strong-willed, on berserk cooldown, regenerating
A: fangs 1, strong nose, distributed training
a: Renounce Religion, Berserk, Trog's Hand


You were on level 6 of the Dungeon.
You worshipped Trog.
Trog was pleased with you.
You visited 1 branch of the dungeon, and saw 5 of its levels.

You collected 161 gold pieces.

Inventory:

Hand Weapons
 a - a +1 hand axe
 d - a +3 broad axe of electrocution (weapon)
 k - a +0 dagger of flaming
Missiles
 g - 30 bolts
Armour
 b - a +0 animal skin
 c - a +0 ring mail (worn)
 f - a +0 helmet (worn)
Scrolls
 j - a scroll of noise
 l - a scroll of blinking {unknown}
Potions
 i - a potion of mutation {unknown}


   Skills:
 + Level 7.1 Fighting
 + Level 2.6 Short Blades
 + Level 2.6 Long Blades
 + Level 7.1 Axes
 + Level 2.6 Maces & Flails
 + Level 2.6 Polearms
 + Level 2.6 Staves
 + Level 2.6 Slings
 + Level 2.6 Bows
 + Level 2.6 Crossbows
 + Level 2.6 Throwing
 + Level 5.3 Armour
 + Level 5.3 Dodging
 + Level 2.6 Stealth
 + Level 2.6 Shields
 + Level 2.6 Unarmed Combat
 + Level 2.6 Spellcasting
 + Level 2.1 Conjurations
 + Level 2.1 Hexes
 + Level 2.1 Summonings
 + Level 2.1 Necromancy
 + Level 2.1 Translocations
 + Level 2.1 Transmutations
 + Level 2.1 Fire Magic
 + Level 2.1 Ice Magic
 + Level 2.1 Air Magic
 + Level 2.1 Earth Magic
 + Level 2.1 Poison Magic
 + Level 2.9 Invocations
 + Level 2.6 Evocations


You had 11 spell levels left.
You didn't know any spells.
Your spell library was empty.

Dungeon Overview and Level Annotations

Branches:
Dungeon (6/15)
 Temple: D:4-7

Altars:
The Shining One

Shops:
D:1 :


Innate Abilities, Weirdness & Mutations

You have very sharp teeth.
Your uncanny sense of smell can sniff out nearby items.
Your experience applies equally to all skills.


Message History

The sentinel's mark upon you fades away.
The ufetubus misses you. The ufetubus closely misses you.
The adder bites you but does no damage. The ufetubus closely misses you.
The ufetubus hits you.
* * * LOW HITPOINT WARNING * * *
The kobold demonologist mumbles some strange words.
The adder bites you but does no damage. The ufetubus barely misses you.
The ufetubus closely misses you.
As you read the scroll labelled ZOTROU ZOROM, it crumbles to dust.
Your body is wracked with pain!
* * * LOW HITPOINT WARNING * * *
The adder convulses!
The kobold demonologist convulses!
It was a scroll of torment.
The ufetubus hits you.
* * * LOW HITPOINT WARNING * * *
The ufetubus closely misses you. The adder misses you.
You hit the adder. Your bite misses the adder.
The adder is almost dead.
You barely miss the ufetubus. The ufetubus misses you.
The ufetubus hits you but does no damage.
The kobold demonologist gestures wildly while chanting.
The adder misses you. The ufetubus barely misses you. The ufetubus hits you.
* * * LOW HITPOINT WARNING * * *
Unknown command.
You slash the adder!
You kill the adder!
Trog accepts your kill.
You miss the ufetubus.
The ufetubus hits you but does no damage.
The ufetubus closely misses you.
The kobold demonologist mumbles some strange words.
The ufetubus completely misses you.
The ufetubus hits you but does no damage.
The kobold demonologist mumbles some strange words.
Unknown command.
Your skin crawls.
You feel strong-willed. The ufetubus closely misses you.
The ufetubus hits you but does no damage.
The orange demon stings you from afar!
You die...

..#..............##..
..########..........
..
..##....##.....5......
...#.......)...3K##...
...#.^.....).....##...
...#...........3.....
..##....##.....4.....
..# ....##.....†5##..
...#.........>).@##
##...........))...#
................#
.#................#
.#.#.............##
... ######.......#
.#.#... #.......#
.#..... ...[.....#
..... .........#


You could see a soul eater (summoned), a sun demon (summoned), an orange demon
(summoned), a kobold demonologist, a crimson imp (summoned) and an ufetubus.

Vanquished Creatures
  An orc warrior (D:6)
  4 wights (D:6)
  A hound (D:6)
  3 orc priests
  Jessica (D:2)
  An iguana (D:6)
  3 orc wizards (D:6)
  Natasha (thrice) (D:2)
  3 adders
  A dart slug (D:1)
  15 orcs
  5 bats
  3 endoplasms
  2 giant cockroaches (D:1)
  5 goblins
  6 hobgoblins
  2 kobolds
  A quokka (D:1)
  3 ball pythons
  9 frilled lizards (D:2)
  5 rats
77 creatures vanquished.

Vanquished Creatures (others)
  5 plants (D:2)
5 creatures vanquished.

Grand Total: 82 creatures vanquished

Notes
Turn   | Place    | Note
-------+----------+-------------------------------------------
     0 | D:1      | tkbsonic5 the Gnoll Berserker began the quest for the Orb.
     0 | D:1      | Reached XP level 1. HP: 23/23 MP: 1/1
    69 | D:1      | Found Buebb's Book Boutique.
   222 | D:1      | Found a faded altar of an unknown god.
   265 | D:1      | Reached XP level 2. HP: 29/29 MP: 2/2
   874 | D:2      | Reached XP level 3. HP: 35/35 MP: 3/3
  1072 | D:2      | Reached skill level 1 in Invocations
  1177 | D:2      | Reached ** piety under Trog
  1506 | D:2      | Noticed Jessica
  1514 | D:2      | Killed Jessica
  1515 | D:2      | Reached skill level 1 in Short Blades
  1515 | D:2      | Reached skill level 1 in Long Blades
  1515 | D:2      | Reached skill level 1 in Maces & Flails
  1515 | D:2      | Reached skill level 1 in Polearms
  1515 | D:2      | Reached skill level 1 in Staves
  1515 | D:2      | Reached skill level 1 in Slings
  1515 | D:2      | Reached skill level 1 in Bows
  1515 | D:2      | Reached skill level 1 in Crossbows
  1515 | D:2      | Reached skill level 1 in Throwing
  1515 | D:2      | Reached skill level 1 in Stealth
  1515 | D:2      | Reached skill level 1 in Shields
  1515 | D:2      | Reached skill level 1 in Unarmed Combat
  1515 | D:2      | Reached skill level 1 in Spellcasting
  1515 | D:2      | Reached skill level 1 in Evocations
  1515 | D:2      | Reached XP level 4. HP: 41/41 MP: 5/5
  1588 | D:2      | Noticed Natasha
  1597 | D:2      | Killed Natasha
  1598 | D:2      | Reached skill level 1 in Conjurations
  1598 | D:2      | Reached skill level 1 in Hexes
  1598 | D:2      | Reached skill level 1 in Summonings
  1598 | D:2      | Reached skill level 1 in Necromancy
  1598 | D:2      | Reached skill level 1 in Translocations
  1598 | D:2      | Reached skill level 1 in Transmutations
  1598 | D:2      | Reached skill level 1 in Fire Magic
  1598 | D:2      | Reached skill level 1 in Ice Magic
  1598 | D:2      | Reached skill level 1 in Air Magic
  1598 | D:2      | Reached skill level 1 in Earth Magic
  1598 | D:2      | Reached skill level 1 in Poison Magic
  1741 | D:2      | Noticed Natasha
  1756 | D:2      | Killed Natasha
  1757 | D:2      | Reached XP level 5. HP: 27/47 MP: 6/6
  2188 | D:2      | Noticed Natasha
  2199 | D:2      | Killed Natasha
  2894 | D:3      | Identified a scroll of acquirement
  2912 | D:3      | Acquired a +3 broad axe of electrocution
  3071 | D:3      | You fall into a shaft and drop 2 floors!
  3071 | D:5      | Entered Level 5 of the Dungeon
  3072 | D:5      | Noticed a centaur
  3097 | D:6      | Found a glowing golden altar of the Shining One.
  3135 | D:6      | Noticed an orc warrior
  3149 | D:6      | Reached XP level 6. HP: 52/53 MP: 8/8
  3155 | D:6      | Killed an orc warrior
  3156 | D:6      | Reached skill level 5 in Armour
  3156 | D:6      | Reached skill level 5 in Dodging
  3379 | D:6      | Reached XP level 7. HP: 38/59 MP: 10/10
  3773 | D:6      | Noticed a kobold demonologist
  3776 | D:6      | Noticed a soul eater
  3777 | D:6      | Noticed an orange demon
  3778 | D:6      | Noticed a sun demon
  3778 | D:6      | Slain by an orange demon

Illustrated notes

Levels and vault maps discovered:
D:1:      ncdulo_halloftheorcs, layout_loops_cross,
          shapermc_ecumenical_altar_flowoftime, serial_shops,
          nicolae_shop_crystal
D:2:      layout_loops_cross, serial_rivers, chequers_serial_rivers_room_b,
          chequers_serial_rivers_marsh, chequers_serial_rivers_micro_a,
          chequers_serial_rivers_room_b, chequers_serial_rivers_room_a,
          minmay_lizard_king, uniq_jessica, uniq_natasha
D:3:      layout_basic, kennysheep_ying_yang
D:5:      layout_cave_pools, minmay_temple_entry_statues, serial_rivers,
          chequers_serial_rivers_room_a, chequers_serial_rivers_small_a,
          chequers_serial_rivers_micro_b, chequers_serial_rivers_large_a,
          hangedman_decor_clover_reticule, minmay_increasing_density
D:6:      layout_gridville, old_standard_altar

Skill      XL: |  1  2  3  4  5  6  7 |
---------------+----------------------+-----
Invocations    | 1 2 |  2.9
Short Blades   | 1 2 |  2.6
Long Blades    | 1 2 |  2.6
Maces & Flails | 1 2 |  2.6
Polearms       | 1 2 |  2.6
Staves         | 1 2 |  2.6
Slings         | 1 2 |  2.6
Bows           | 1 2 |  2.6
Crossbows      | 1 2 |  2.6
Throwing       | 1 2 |  2.6
Stealth        | 1 2 |  2.6
Shields        | 1 2 |  2.6
Unarmed Combat | 1 2 |  2.6
Spellcasting   | 1 2 |  2.6
Evocations     | 1 2 |  2.6
Conjurations   | 1 2 |  2.1
Hexes          | 1 2 |  2.1
Summonings     | 1 2 |  2.1
Necromancy     | 1 2 |  2.1
Translocations | 1 2 |  2.1
Transmutations | 1 2 |  2.1
Fire Magic     | 1 2 |  2.1
Ice Magic      | 1 2 |  2.1
Air Magic      | 1 2 |  2.1
Earth Magic    | 1 2 |  2.1
Poison Magic   | 1 2 |  2.1
Armour         | 5 |  5.3
Dodging        | 5 |  5.3
Fighting       | 7 |  7.1
Axes           | 7 |  7.1

Action                   |  1- 3 |  4- 6 |  7- 9 || total
-------------------------+-------+-------+-------++-------
Melee: Hand axe          |   101 |    64 |       ||   165
       Bite              |     8 |     4 |     2 ||    14
       Dagger            |       |     8 |       ||     8
       Broad axe         |       |    25 |    22 ||    47
       Punch             |       |     1 |       ||     1
Invok: Berserk           |     1 |     3 |     1 ||     5
       Trog's Hand       |       |     4 |     1 ||     5
  Use: Scroll            |     2 |     4 |     1 ||     7
       Potion            |     1 |     1 |     2 ||     4
 Stab: Sleeping          |     2 |       |       ||     2
Armor: Animal skin       |     6 |       |       ||     6
       Ring mail         |    16 |    39 |    12 ||    67
Dodge: Dodged            |    64 |    78 |    26 ||   168
